 Dungeon Crawl Stone Soup version 0.30-a0-883-g5ad918d77d (webtiles) character file.

Game seed: 14635166443768752237

2068 ragingrage the Skirmisher (level 9, -10/61 HPs)
             Began as a Human Hunter on Mar 17, 2023.
             Was a Priest of Fedhas.
             Killed from afar by Maggie (27 damage)
             ... with a bolt of fire
             ... on level 7 of the Dungeon.
             The game lasted 00:10:56 (6508 turns).

ragingrage the Skirmisher (Human Hunter)            Turns: 6508, Time: 00:10:56

Health: -10/61     AC:  5    Str: 12    XL:     9   Next: 50%
Magic:  12/12      EV: 12    Int: 10    God:    Fedhas [***...]
Gold:   499        SH:  0    Dex: 20    Spells: 5/8 levels left

rFire   . . .      SeeInvis .    b - +7 Throatcutter {drain, coup de grace}
rCold   . . .      Faith    .    (no shield)
rNeg    . . .      Spirit   .    c - +0 leather armour
rPois   .          Reflect  .    (no helmet)
rElec   .          Rampage  .    (no cloak)
rCorr   .                        d - +0 pair of gloves
Will    .....                    E - +0 pair of boots
Stlth   ++                       q - amulet of regeneration
HPRegen 1.10/turn                (no ring)
MPRegen 0.13/turn                (no ring)

@: mighty, mesmerised
A: no striking features
a: Renounce Religion, Wall of Briars, Grow Ballistomycete


You were on level 7 of the Dungeon.
You worshipped Fedhas.
Fedhas was most pleased with you.
You visited 1 branch of the dungeon, and saw 7 of its levels.

You collected 499 gold pieces.

Inventory:

Hand Weapons
 a - a +0 shortbow
 b - the +7 Throatcutter (weapon) {drain, coup de grace}
   (You found it on level 6 of the Dungeon)
 z - a +1 dagger of draining
Missiles
 m - 6 poisoned darts
Armour
 c - a +0 leather armour (worn)
 d - a +0 pair of gloves (worn)
 E - a +0 pair of boots (worn)
Jewellery
 q - an amulet of regeneration (around neck)
Scrolls
 f - 2 scrolls of acquirement {unknown}
 g - a scroll of magic mapping {unknown}
 i - a scroll of vulnerability {unknown}
 k - 2 scrolls of noise {unknown}
 o - 3 scrolls of poison {unknown}
 r - 2 scrolls of fear {unknown}
 v - 3 scrolls of fog {unknown}
 x - 5 scrolls of teleportation
 y - a scroll of blinking {unknown}
 B - a scroll of immolation
 D - 2 scrolls of identify
Potions
 e - a potion of heal wounds {unknown}
 h - 2 potions of lignification {unknown}
 j - a potion of flight {unknown}
 l - 2 potions of mutation
 n - a potion of curing
 p - a potion of berserk rage
 s - 2 potions of magic
 t - 2 potions of haste {unknown}
 u - 2 potions of invisibility {unknown}
 w - 4 potions of might
 A - 2 potions of cancellation {unknown}
 C - 2 potions of degeneration {unknown}


   Skills:
 - Level 2.0 Fighting
 + Level 6.7 Long Blades
 - Level 9.2 Ranged Weapons
 - Level 2.0 Dodging
 - Level 2.0 Stealth
 - Level 5.0 Invocations


You had 5 spell levels left.
You knew the following spells:

 Your Spells              Type           Power      Damage    Failure   Level
a - Swiftness             Air            0%         N/A       82%         3

Your spell library contained the following spells:

 Spells                   Type           Power      Damage    Failure   Level
 Freeze                   Ice            0%         1d3       43%         1
 Magic Dart               Conj           0%         1d3       43%         1
 Call Imp                 Summ           0%         N/A       58%         2
 Ensorcelled Hibernation  Hex/Ice        0%         N/A       58%         2
 Passwall                 Tmut/Erth      0%         N/A       58%         2
 Frozen Ramparts          Ice            0%         1d1       82%         3
 Hailstorm                Conj/Ice       0%         3d3       82%         3
 Mephitic Cloud           Conj/Pois/Air  0%         N/A       82%         3


Dungeon Overview and Level Annotations

Branches:
Dungeon (7/15)             Temple (0/1) D:4

Altars:
Fedhas
Xom

Annotations:
D:1 exclusion: downstairs
D:2 1 runed translucent door, Crazy Yiuf
D:4 exclusion: 2 downstairs
D:6 1 runed translucent door, howech's ghost, amateur GrFi
D:7 Maggie


Message History

You slash the jelly!
You kill the jelly!
Fedhas accepts your kill.
You swing at nothing.
Maggie points at you and mumbles some strange words.
The bolt of fire hits you.
A white imp comes into view.
The white imp shouts, "Quit, thou spongy wibble-sucking clack-dish!"
The white imp gestures at you. The puff of frost hits you!
You slash Maggie!
Maggie casts a spell.
Maggie draws you further into her thrall.
Maggie hits you with a +0 broad axe.
You closely miss Maggie. Maggie misses you.
You barely miss Maggie. Maggie gestures at you while chanting.
The bolt of fire hits you!!
You slash Maggie! Maggie barely misses you. The white imp hits you.
The white imp freezes you.
You slash Maggie! Maggie closely misses you. The white imp barely misses you.
You feel better. Maggie hits you with a +0 broad axe.
The white imp closely misses you.
It was a potion of berserk rage.
You are too mesmerised to rage.
Maggie barely misses you. The white imp gestures at you.
The puff of frost hits you!
Okay, then.
You feel very mighty all of a sudden. Maggie barely misses you.
The white imp barely misses you.
You closely miss the white imp. Maggie hits you with a +0 broad axe!
* * * LOW HITPOINT WARNING * * *
The white imp gestures at you. The puff of frost hits you.
* * * LOW HITPOINT WARNING * * *
You feel better. Maggie gestures at you while chanting.
The bolt of fire hits you!!
You die...
Fedhas appreciates your contribution to the ecosystem.

. #..... .. ..... #..####
#### .... #......
######... #....#
.......#### #........
#.#..#
###.....@@..######.####...
#.#..
.........5##........# ##.#
#.#.##.# ##.....
########## #.# #......#
#...... #.# ##...###
#(#.... #.# #...# # #....
####.# #.o.# .#.... #.....
##...#####.#...... #.#..#
.................. #.#..#


You could see Maggie (mesmerising) and a white imp.

Vanquished Creatures
  An orc warrior (D:7)
  An ice beast (D:5)
  A sky beast (D:7)
  3 ogres
  A phantom (D:7)
  A bullfrog (D:6)
  4 scorpions
  2 howler monkeys
  2 jellies
  7 hounds
  5 orc priests
  6 iguanas
  10 orc wizards
  4 gnolls (D:4)
  7 adders
  3 shadow imps
  3 white imps
  An ufetubus (D:4)
  4 worms
  4 dart slugs
  19 orcs
  7 endoplasms
  2 giant cockroaches
  11 goblins
  6 hobgoblins
  5 kobolds
  6 quokkas
  9 ball pythons
  4 bats
  5 frilled lizards
  4 rats (D:1)
148 creatures vanquished.

Vanquished Creatures (others)
  2 sleepcaps (D:5)
  An adder (D:5)
  An orc (D:5)
4 creatures vanquished.

Grand Total: 152 creatures vanquished

Notes
Turn   | Place    | Note
-------+----------+-------------------------------------------
     0 | D:1      | ragingrage the Human Hunter began the quest for the Orb.
     0 | D:1      | Reached XP level 1. HP: 16/16 MP: 1/1
   451 | D:1      | Reached XP level 2. HP: 22/22 MP: 2/2
  1404 | D:2      | Reached XP level 3. HP: 27/27 MP: 3/3
  1458 | D:2      | Found a blossoming altar of Fedhas.
  1596 | D:2      | Found a runed translucent door.
  1597 | D:2      | Noticed Crazy Yiuf
  1823 | D:2      | Became a worshipper of Fedhas Madash
  2305 | D:3      | Reached skill level 5 in Ranged Weapons
  2305 | D:3      | Reached XP level 4. HP: 33/33 MP: 4/4
  2805 | D:4      | Reached XP level 5. HP: 28/38 MP: 5/5
  2835 | D:4      | Reached * piety under Fedhas
  3115 | D:4      | Found a staircase to the Ecumenical Temple.
  3153 | D:4      | Reached skill level 6 in Ranged Weapons
  3278 | D:4      | Reached XP level 6. HP: 44/44 MP: 6/6
  3637 | D:4      | Reached skill level 7 in Ranged Weapons
  3890 | D:5      | Entered Level 5 of the Dungeon
  3910 | D:4      | Reached XP level 7. HP: 50/50 MP: 7/7
  3980 | D:5      | Learned a level 3 spell: Swiftness
  3984 | D:5      | Reached ** piety under Fedhas
  4158 | D:5      | Reached skill level 8 in Ranged Weapons
  4909 | D:6      | Reached skill level 9 in Ranged Weapons
  4917 | D:6      | Identified the orb "Hoejeur" {Rampage Will+ Int+3 Dex-5}
  4960 | D:6      | Reached XP level 8. HP: 56/56 MP: 8/8
  4978 | D:6      | Noticed a two-headed ogre
  5075 | D:5      | You fall into a shaft and drop 1 floor!
  5155 | D:6      | Found the +7 Throatcutter {drain, coup de grace}
  5360 | D:5      | Reached skill level 1 in Invocations
  5366 | D:5      | Reached skill level 1 in Long Blades
  5879 | D:6      | Reached *** piety under Fedhas
  6056 | D:6      | Found a runed translucent door.
  6056 | D:6      | Found a shimmering altar of Xom.
  6056 | D:6      | Noticed howech's ghost (amateur GrFi)
  6065 | D:6      | Noticed a +2 spear of chaos
  6145 | D:7      | Reached XP level 9. HP: 60/61 MP: 12/12
  6209 | D:7      | Reached skill level 5 in Invocations
  6231 | D:7      | Reached skill level 5 in Long Blades
  6489 | D:7      | Noticed Maggie
  6508 | D:7      | Killed from afar by Maggie

Illustrated notes

Levels and vault maps discovered:
D:1:      matt_arrival_spirals, layout_loops_ring
D:2:      layout_loops_ring, basic_altar, kennysheep_small_spiral, fountainhead,
          kennysheep_cross_bottleneck, chequers_serial_rivers_micro_b,
          uniq_crazy_yiuf_cottage
D:3:      minmay_diamond_boxcup, layout_rooms, minmay_distorted
D:4:      layout_loops_ring, minmay_temple_entry_statues, nrook_mini_vaults,
          minmay_diced_spiral
D:5:      layout_loops_ring, minmay_fractal_squares_diagonal_5
D:6:      layout_rooms, ebering_ghost_xom
D:7:      layout_loops_cross, uniq_maggie

Skill      XL: |  1  2  3  4  5  6  7  8  9 |
---------------+----------------------------+-----
Stealth        | 2 |  2.0
Ranged Weapons | 5 6 7 9 |  9.2
Invocations    | 4 5 |  5.0
Long Blades    | 4 6 |  6.7
Fighting       | |  2.0
Dodging        | |  2.0

Action                     |  1- 3 |  4- 6 |  7- 9 || total
---------------------------+-------+-------+-------++-------
  Melee: Long sword        |       |       |    67 ||    67
         Punch             |       |       |     1 ||     1
   Fire: Shortbow          |    90 |   171 |   166 ||   427
  Throw: Dart              |       |     4 |     8 ||    12
    Use: Scroll            |       |     3 |     2 ||     5
         Potion            |       |       |     4 ||     4
   Stab: Sleeping          |       |       |     1 ||     1
 Armour: Leather armour    |     5 |     7 |    26 ||    38
  Dodge: Dodged            |    15 |    44 |    88 ||   147

Table legend: (Time is in decaauts)
 A = Elapsed time spent in this place.
 B = Non-inter-level travel time spent in this place.
 C = Inter-level travel time spent in this place.
 D = Time resting spent in this place.
 E = Time spent auto-exploring this place.
 F = Levels seen in this place.
 G = Mean time per level.
                   A        B        C        D        E       F      G
               +--------+--------+--------+--------+--------+-----+--------+
         Total |   6604 |   6040 |    564 |   1271 |   3420 |   7 |  943.4 |
       Dungeon |   6604 |   6040 |    564 |   1271 |   3420 |   7 |  943.4 |
               +--------+--------+--------+--------+--------+-----+--------+

Top non-repeatable levels by time:
     D:4: 1546 daAuts
     D:5: 1335 daAuts
     D:2: 1281 daAuts
     D:1: 984 daAuts
     D:3: 536 daAuts
     D:6: 524 daAuts
     D:7: 396 daAuts
